 Dungeon Crawl Stone Soup version 0.29.0-13-gc9e81de378 (webtiles) character file.

Game seed: 6735902426234829128

105303 blackman the Warrior (level 15, 0/201 HPs)
             Began as a Demonspawn Fighter on Sept 7, 2022.
             Was an Initiate of Gozag.
             Hit by a silver javelin thrown by a merfolk javelineer (10 damage)
             ... on level 3 of the Shoals.
             The game lasted 02:05:11 (48720 turns).

blackman the Warrior (Demonspawn Fighter)          Turns: 48720, Time: 02:05:12

Health: 0/201      AC: 27    Str: 34    XL:     15   Next: 94%
Magic:  0/15       EV:  2    Int: 12    God:    Gozag
Gold:   392        SH:  0    Dex: 15    Spells: 14/14 levels left

rFire   . . .      SeeInvis .   m - +2 bardiche of Twilight {vorpal, Fragile rPois Int+3}
rCold   . . .      Faith    .   (shield currently unavailable)
rNeg    . . .      Spirit   +   (body armour currently unavailable)
rPois   +          Reflect  .   (helmet unavailable)
rElec   .          Harm     .   (cloak currently unavailable)
rCorr   .          Rampage  .   (gloves currently unavailable)
Will    +....      NoTele   +   (boots currently unavailable)
Stlth   +.........              H - amulet of guardian spirit
HPRegen 0.43/turn               p - +6 ring of strength
MPRegen 0.14/turn               O - +6 ring of strength

@: confused, mighty, lit by a corona, tree-form (expiring), ambrosia-drunk, gold
aura, glowing
A: stationary, stasis, torment immunity, boosted hp, (horns 3), (icy blue scales
2), demonic guardian 2, powered by pain 2, (hooves 1)
a: Renounce Religion, Potion Petition, Call Merchant, Bribe Branch


You were on level 3 of the Shoals.
You worshipped Gozag.
Gozag was aware of your devotion.
You were a tree.
You visited 7 branches of the dungeon, and saw 28 of its levels.
You also visited: Sewer.

You collected 8493 gold pieces.
You paid 8101 gold pieces to Gozag.

Inventory:

Hand Weapons
 m - the +2 bardiche of Twilight (weapon) {vorpal, Fragile rPois Int+3}
   (You acquired it on level 6 of the Dungeon)

   It inflicts extra damage upon your enemies.
   Int:       It affects your intelligence (+3).
   rPois:     It protects you from poison.
   Fragile:   It will be destroyed if unequipped.
 D - the +8 long sword of the Leaping Owl {flame, rPois rF+ Int-5 Dex+3 SInv}
   (You found it on level 5 of the Dungeon)

   It burns those it strikes, dealing additional fire damage.
   Big, fiery blades are also staple armaments of hydra-hunters.
   Int:       It affects your intelligence (-5).
   Dex:       It affects your dexterity (+3).
   rF:        It protects you from fire.
   rPois:     It protects you from poison.
   SInv:      It lets you see invisible.
 U - a +5 spectral eveningstar
Missiles
 v - 70 poisoned darts (quivered)
 x - 4 throwing nets
 G - 15 javelins
Armour
 h - a +2 cloak of poison resistance (melded)
 P - a +2 plate armour of cold resistance
 W - a +2 plate armour of fire resistance (melded)
 X - a +0 pair of gloves (melded)
Jewellery
 p - a +6 ring of strength (left branch)
 A - a ring of flight
 C - a +6 ring of dexterity
 H - an amulet of guardian spirit (around neck)
 I - an amulet of the acrobat
 K - an amulet of magic regeneration
 L - a ring of positive energy
 O - a +6 ring of strength (right branch)
 Q - the ring of Tension {rElec EV+4}
   (You acquired it on level 2 of the Lair of Beasts)

   [ring of evasion]

   EV:        It affects your evasion (+4).
   rElec:     It insulates you from electricity.
 R - the ring "Lareqep" {Fire rElec Stlth+}
   (You acquired it on level 2 of the Lair of Beasts)

   [ring of fire]

   It enhances your fire magic.
   rF:        It protects you from fire.
   rC:        It makes you vulnerable to cold.
   rElec:     It insulates you from electricity.
   Stlth:     It makes you more stealthy.
 T - a ring of magical power
Wands
 c - a wand of digging (9)
 q - a wand of roots (7)
 s - a wand of flame (6)
 E - a wand of paralysis (6)
Scrolls
 a - 3 scrolls of silence
 b - a scroll of enchant armour
 e - 7 scrolls of noise
 k - 5 scrolls of enchant weapon
 n - 3 scrolls of immolation
 t - 5 scrolls of fear
 u - 3 scrolls of magic mapping
 z - 8 scrolls of teleportation
 B - 4 scrolls of fog
 F - 2 scrolls of amnesia
 J - 13 scrolls of identify
 M - a scroll of poison
Potions
 d - 6 potions of might
 f - a potion of invisibility
 g - 3 potions of lignification
 i - 4 potions of attraction
 j - a potion of berserk rage
 l - 6 potions of mutation
 o - 6 potions of brilliance
 r - 2 potions of resistance
 w - 2 potions of degeneration
 N - 3 potions of ambrosia
 Z - 2 potions of flight {unknown}
Miscellaneous
 V - a tin of tremorstones (inert)


   Skills:
 - Level 17.2 Fighting
 - Level 5.4 Long Blades
 - Level 16.2 Polearms
 * Level 11.7 Armour
 - Level 2.6 Shields
 - Level 8.4 Evocations


You had 14 spell levels left.
You didn't know any spells.
Your spell library contained the following spells:

 Spells                   Type           Power      Damage    Failure   Level
 Magic Dart               Conj           0%         1d3       32%         1
 Call Imp                 Summ           0%         N/A       45%         2
 Ensorcelled Hibernation  Hex/Ice        0%         N/A       45%         2
 Passwall                 Tmut/Erth      0%         N/A       45%         2
 Sublimation of Blood     Necr           0%         N/A       45%         2
 Wereblood                Tmut           0%         N/A       45%         2
 Conjure Flame            Conj/Fire      0%         6-21      69%         3
 Ignite Poison            Fire/Tmut/Pois 0%         N/A       69%         3
 Mephitic Cloud           Conj/Pois/Air  0%         N/A       69%         3
 Ozocubu's Armour         Ice            0%         N/A       69%         3
 Swiftness                Air            0%         N/A       69%         3
 Sticky Flame             Conj/Fire      0%         2d3       97%         4
 Freezing Cloud           Conj/Ice/Air   0%         6-21      100%        5
 Metabolic Englaciation   Hex/Ice        0%         N/A       100%        5
 Summon Forest            Summ/Tloc      0%         N/A       100%        5
 Eringya's Noxious Bog    Tmut/Pois      0%         N/A       100%        6
 Ozocubu's Refrigeration  Ice            0%         4d7       100%        7
 Summon Hydra             Summ           0%         N/A       100%        7
 Polar Vortex             Ice            0%         N/A       100%        9
 Simulacrum               Ice/Necr       Unusable   N/A       N/A         6

Dungeon Overview and Level Annotations

Branches:
Dungeon (15/15)            Temple (1/1) D:6            Lair (5/5) D:8
 Shoals (3/4) Lair:3        Snake (1/4) Lair:2        Slime (0/5) Lair:4
    Orc (2/2) D:12            Elf (1/3) Orc:2        Vaults (0/5) D:14
 Depths (0/4) D:15          Sewer (visited)

Altars:
Ashenzari
Cheibriados
Fedhas
Gozag
Hepliaklqana
Makhleb
Okawaru
Ru
Uskayaw
Jiyva

Shops:
D:12 *   D:14 (   D:15 =   Orc:1 *   Orc:2 (=[**![

Annotations:
Shoals:2 Ilsuiw


Innate Abilities, Weirdness & Mutations

You are a tree.
Your roots penetrate the ground, keeping you stationary.
You cannot be teleported.
You are immune to unholy pain and torment.
Your maximum health is greatly increased.
Your equipment is partially melded.
((You have a pair of large horns on your head.))
((You are mostly covered in icy blue scales. (AC +3)))
A demonic guardian rushes to your aid.
You sometimes gain power by taking damage.
((You have large cloven feet.))


Message History

Your soul eater hits the merfolk!
The merfolk hits you from afar with a +0 trident!
* * * LOW HITPOINT WARNING * * *
Reach: m) +2 bardiche of Twilight {vorpal, Fragile rPois Int+3}
Press: ? - help, Dir - move target, f - merfolk
Aim: a merfolk, wielding a +0 trident and quivering a throwing net (moderately wounded, ally target, about 37% to evade the +2 bardiche of Twilight)
You reach to attack!
You completely miss the merfolk.
The merfolk is moderately wounded.
You feel your willpower return.
A merfolk javelineer comes into view.
It is wielding a +0 spear of freezing and quivering silver javelins.
The merfolk hits you from afar with a +0 trident.
* * * LOW HITPOINT WARNING * * *
Your soul eater hits the merfolk!
Reach: m) +2 bardiche of Twilight {vorpal, Fragile rPois Int+3}
Press: ? - help, Dir - move target, f/p - merfolk
Aim: a merfolk, wielding a +0 trident and quivering a throwing net (heavily wounded, ally target, about 37% to evade the +2 bardiche of Twilight)
You could not reach far enough!
Your transformation is almost over.
The merfolk javelineer throws a silver javelin.
The silver javelin pierces through you.
* * * LOW HITPOINT WARNING * * *
The silver sears you!
* * * LOW HITPOINT WARNING * * *
A merfolk comes into view. It is wielding a +0 trident.
Your sun demon hits the merfolk!
The merfolk is engulfed in flames!!
The merfolk hits you from afar with a +0 trident!
* * * LOW HITPOINT WARNING * * *
You focus on the pain.
You feel very mighty all of a sudden.
Your soul eater barely misses the merfolk.
Okay, then.
Unknown command.
You are confused.
You feel invigorated.
Your sun demon hits the merfolk!
The merfolk dies!
You hear a splash. x2
The merfolk javelineer throws a silver javelin.
The silver javelin pierces through you!
You die...
Your body crumbles into a pile of gold.

.....~~≈≈≈≈≈≈≈≈
.....~~~~~~~~~≈
#......~~~~~~~~ ≈
#.....~~..... ≈≈
#.....~.... ~≈~
#....$~..# ~~~~
...m~~$<.# .~~~~
...m~~$.$###..~~~.
...~~≈$~$.♣...~≈~.
$
...~~≈≈≈~..3$≈≈≈~.
...~≈≈≈≈≈≈≈≈3≈≈≈≈~
...~~≈≈≈≈≈≈≈≈≈≈≈≈≈
....~≈≈≈≈≈≈≈≈≈≈≈≈≈
~..~≈≈≈≈≈≈≈≈≈≈≈≈≈≈
..~~≈≈≈≈≈≈≈≈≈≈≈≈≈
.~~≈≈≈≈≈≈≈≈≈≈≈≈≈


You could see a merfolk javelineer, a merfolk, a friendly soul eater (summoned)
and a friendly sun demon (summoned).

Vanquished Creatures
  Asterion (Snake:1)
  An orc warlord (Orc:2)
  A dire elephant (D:15)
  An ettin (Orc:1)
  A merfolk impaler (Shoals:1)
  An ice dragon (D:14)
  5 hydras
  An ogre mage (D:14)
  2 anacondas
  2 boulder beetles
  9 two-headed ogres
  5 centaur warriors
  A death knight (D:15)
  A merfolk avatar (Shoals:1)
  2 catoblepae
  Urug (Lair:3)
  A naga warrior (Snake:1)
  A deep troll shaman (Lair:5)
  2 death yaks (Lair:5)
  2 orc high priests (Orc:2)
  2 sun demons (Shoals:2)
  4 sea snakes
  A naga ritualist (Snake:1)
  Pikel (D:5)
  4 lindwurms
  3 fauns
  3 orc knights (Orc:2)
  7 cyclopes
  A wolf spider (D:15)
  10 manticores
  2 deep elf pyromancers
  12 ugly things
  2 orc sorcerers (Orc:2)
  A will-o-the-wisp (Lair:5)
  12 elephants
  A guardian serpent (Snake:1)
  5 black mambas
  4 water nymphs
  7 merfolk sirens
  A naga mage (Snake:1)
  Maggie (D:10)
  2 gargoyles (D:13)
  10 cane toads
  5 rime drakes
  2 efreet
  2 kobold demonologists
  8 komodo dragons
  A tengu conjurer (D:15)
  A queen bee (D:15)
  6 meliai
  6 merfolk
  2 wind drakes
  7 trolls
  13 slime creatures
  2 polar bears
  4 snapping turtles
  10 blink frogs
  2 dream sheep (Shoals:1)
  A shadow (D:9)
  A wraith (D:11)
  Sigmund (D:2)
  A vampire (D:12)
  38 yaks
  A water elemental (Shoals:2)
  6 wyverns
  2 basilisks
  4 steam dragons
  2 wargs (Orc:2)
  4 nagas
  An acid dragon (D:12)
  14 vampire mosquitoes
  Duvessa (D:7)
  12 water moccasins
  2 black bears (Lair:5)
  A sky beast (D:6)
  A black bear (shapeshifter) (D:13)
  31 orc warriors
  2 ice beasts
  7 ogres
  12 wolves
  11 centaurs
  4 lemures (D:5)
  2 phantoms (D:7)
  5 kobold brigands
  2 gnoll sergeants
  4 bullfrogs
  6 scorpions
  A necrophage (D:7)
  4 wights (D:9)
  Dowan (D:7)
  15 killer bees
  2 electric eels (D:9)
  3 howler monkeys (D:7)
  7 jellies
  22 orc priests
  2 hounds
  Crazy Yiuf (D:6)
  2 gnoll boudas
  3 iguanas
  Ijyb (D:5)
  32 orc wizards
  A mummy (D:5)
  Robin (D:2)
  19 gnolls
  8 adders
  A river rat (D:6)
  A shadow imp (D:6)
  2 white imps
  An ufetubus (D:7)
  4 worms (D:6)
  2 dart slugs
  104 orcs
  9 endoplasms
  3 giant cockroaches
  13 goblins
  10 hobgoblins
  8 jackals
  3 quokkas
  13 ball pythons
  12 bats
  3 frilled lizards
  28 kobolds
  4 rats
  A fire vortex (D:15)
734 creatures vanquished.

Vanquished Creatures (collateral kills)
  The ghost of pacmanke6689 the Fencer, a journeyman MiMo of Hepliaklqana (Shoals:1)
  A merfolk impaler (Shoals:2)
  A centaur warrior (D:13)
  A death yak (Lair:5)
  2 orc high priests (Orc:2)
  An orc knight (Orc:2)
  An orc sorcerer (Orc:2)
  A faun (Shoals:3)
  2 ugly things (D:15)
  A komodo dragon (Lair:4)
  A wind drake (Shoals:1)
  2 merfolk (Shoals:3)
  2 blink frogs (Lair:5)
  A snapping turtle (Shoals:3)
  2 yaks (D:8)
  A vampire mosquito (Lair:5)
  A sky beast (D:6)
  2 orc warriors (Orc:2)
  An ice beast (D:8)
  A bullfrog (Lair:4)
  A worm (D:6)
  3 orcs (Orc:2)
  2 kobolds (D:7)
32 creatures vanquished.

Vanquished Creatures (others)
  2 orc wizards (D:8)
  2 orcs (Orc:2)
  A kobold (D:5)
  5 bushes (Lair:4)
  2 foxfires (Lair:5)
  42 fungi
  163 plants
217 creatures vanquished.

Grand Total: 983 creatures vanquished

Notes
Turn   | Place    | Note
-------+----------+-------------------------------------------
     0 | D:1      | blackman the Demonspawn Fighter began the quest for the
                  | Orb.
     0 | D:1      | Reached XP level 1. HP: 18/18 MP: 1/1
    21 | D:1      | Gained mutation: A weak demonic guardian rushes to your
                  | aid. [demonic ancestry]
    21 | D:1      | Reached XP level 2. HP: 24/24 MP: 2/2
   665 | D:2      | Gained mutation: You sometimes gain a little power by
                  | taking damage. [demonic ancestry]
   665 | D:2      | Reached XP level 3. HP: 28/29 MP: 3/3
  1218 | D:2      | Found a faded altar of an unknown god.
  1237 | D:2      | Noticed Sigmund
  1575 | D:3      | Gained mutation: You have a pair of small horns on your
                  | head. [demonic ancestry]
  1575 | D:3      | Reached XP level 4. HP: 13/35 MP: 4/4
  1977 | D:3      | Reached skill level 1 in Evocations
  1992 | D:3      | Found a blossoming altar of Fedhas.
  2104 | D:2      | Killed Sigmund
  2105 | D:2      | Gained mutation: You have a pair of horns on your head.
                  | [demonic ancestry]
  2105 | D:2      | Reached XP level 5. HP: 41/41 MP: 5/5
  2187 | D:2      | Noticed Robin
  2209 | D:2      | Killed Robin
  2221 | D:2      | Reached XP level 6. HP: 25/47 MP: 6/6
  2948 | D:4      | Reached skill level 5 in Evocations
  2978 | D:4      | Gained mutation: You have a pair of large horns on your
                  | head. [demonic ancestry]
  2978 | D:4      | Reached XP level 7. HP: 34/52 MP: 7/7
  3914 | D:5      | Entered Level 5 of the Dungeon
  4021 | D:5      | Noticed Ijyb
  4028 | D:5      | Killed Ijyb
  4394 | D:5      | Found a snail-covered altar of Cheibriados.
  4657 | D:5      | Found an opulent altar of Gozag.
  4758 | D:5      | Found an opulent altar of Gozag.
  4759 | D:5      | Found an opulent altar of Gozag.
  4762 | D:5      | Became a worshipper of Gozag Ym Sagoz the Greedy
  4777 | D:5      | Found an opulent altar of Gozag.
  4927 | D:5      | Gained mutation: You are partially covered in icy blue
                  | scales. (AC +2) [demonic ancestry]
  4927 | D:5      | Reached XP level 8. HP: 45/58 MP: 8/8
  5027 | D:5      | Found a burning altar of Makhleb.
  5027 | D:5      | Noticed an Executioner
  5039 | D:5      | Identified the +8 long sword of the Leaping Owl {flame,
                  | rPois rF+ Int-5 Dex+3 SInv}
  5294 | D:5      | Noticed Pikel
  5312 | D:5      | Killed Pikel
  6039 | D:6      | Reached skill level 5 in Long Blades
  6274 | D:6      | Identified 2 scrolls of acquirement
  6275 | D:6      | Acquired a +1 vorpal glaive
  6276 | D:6      | Acquired the +2 bardiche of Twilight {vorpal, Fragile rPois
                  | Int+3}
  6288 | D:6      | Found an iron altar of Okawaru.
  6446 | D:6      | Found a staircase to the Ecumenical Temple.
  6571 | D:6      | Reached skill level 5 in Polearms
  6578 | D:6      | Reached XP level 9. HP: 18/63 MP: 9/9
  6620 | D:6      | Found a glowing drain.
  6637 | Sewer    | Entered a sewer
  7492 | D:6      | Found a sacrificial altar of Ru.
  7904 | D:6      | Found a runed translucent door.
  7905 | D:6      | Noticed Crazy Yiuf
  8152 | D:6      | Killed Crazy Yiuf
  8224 | Temple   | Entered the Ecumenical Temple
  8244 | D:7      | Noticed Duvessa
  8247 | D:7      | Killed Duvessa
  8249 | D:7      | Noticed Dowan
  8254 | D:7      | Killed Dowan
 10220 | D:9      | Noticed a cyan ugly thing
 10254 | D:8      | Reached XP level 10. HP: 38/70 MP: 10/10
 11423 | D:8      | Reached skill level 10 in Polearms
 12608 | D:8      | Found a staircase to the Lair.
 13218 | D:9      | Noticed a two-headed ogre
 13223 | D:9      | Killed a two-headed ogre
 14105 | Lair:1   | Entered Level 1 of the Lair of Beasts
 15014 | Lair:1   | Gained mutation: You sometimes gain power by taking damage.
                  | [demonic ancestry]
 15014 | Lair:1   | Reached XP level 11. HP: 75/75 MP: 11/11
 15249 | Lair:2   | Acquired the ring "Lareqep" {Fire rElec Stlth+}
 15250 | Lair:2   | Acquired 485 gold pieces
 15251 | Lair:2   | Acquired the ring of Tension {rElec EV+4}
 15946 | Lair:2   | Found a staircase to the Snake Pit.
 16098 | Lair:2   | Noticed a catoblepas
 16132 | Lair:2   | Killed a catoblepas
 18096 | Lair:3   | Noticed Urug
 18111 | Lair:3   | Killed Urug
 18571 | Lair:3   | Reached skill level 15 in Polearms
 19037 | Lair:3   | Found a staircase to the Shoals.
 19129 | Lair:3   | Gained mutation: You are mostly covered in icy blue scales.
                  | (AC +3) [demonic ancestry]
 19129 | Lair:3   | Reached XP level 12. HP: 71/81 MP: 12/12
 19543 | Lair:4   | Found a staircase to the Slime Pits.
 19543 | Lair:4   | Found a viscous altar of Jiyva.
 20811 | Lair:4   | Reached skill level 4 in Fighting
 21298 | Lair:5   | Entered Level 5 of the Lair of Beasts
 21314 | Lair:5   | Reached skill level 5 in Fighting
 21436 | Lair:5   | Noticed a seven-headed hydra
 21458 | Lair:5   | Noticed an eight-headed hydra
 22240 | Lair:5   | Reached skill level 6 in Fighting
 22469 | Lair:5   | Killed a ten-headed hydra
 22520 | Lair:5   | Reached skill level 7 in Fighting
 22553 | Lair:4   | Reached skill level 8 in Fighting
 23443 | Lair:5   | Reached XP level 13. HP: 70/100 MP: 13/13
 23548 | Lair:5   | Reached skill level 9 in Fighting
 24513 | Lair:5   | Reached skill level 10 in Fighting
 25075 | Lair:5   | Reached skill level 11 in Fighting
 25351 | Lair:5   | Identified the +1 spear "Taguobas" {freeze, rElec Str+3
                  | Dex-2}
 25606 | D:8      | Reached skill level 12 in Fighting
 27297 | D:10     | Entered Level 10 of the Dungeon
 27793 | D:10     | Noticed Maggie
 27801 | D:10     | Killed Maggie
 28060 | D:10     | Found a hazy altar of Hepliaklqana.
 28061 | D:10     | Found a broken altar of Ashenzari.
 28612 | D:11     | Reached skill level 13 in Fighting
 29825 | D:12     | Paralysed by a kobold demonologist for 2 turns
 30066 | D:12     | Paralysed by a kobold demonologist for 3 turns
 30541 | D:12     | Found a staircase to the Orcish Mines.
 30871 | D:12     | Found Nyetun's Island Escapes.
 31153 | D:13     | Reached skill level 14 in Fighting
 31183 | D:13     | Reached XP level 14. HP: 94/120 MP: 14/14
 32753 | Orc:1    | Entered Level 1 of the Orcish Mines
 33760 | Orc:1    | Found Ovuewusk's General Store.
 34019 | Orc:2    | Entered Level 2 of the Orcish Mines
 34794 | Orc:2    | Found a staircase to the Elven Halls.
 35008 | Orc:2    | Noticed an orc warlord
 35023 | Orc:2    | Killed an orc warlord
 35024 | Orc:2    | Reached skill level 5 in Armour
 35353 | Orc:2    | Paralysed by an orc sorcerer for 2 turns
 36569 | Orc:2    | Found Hudolis's Antique Armour Boutique.
 36570 | Orc:2    | Found Musuton's Antique Weapon Shop.
 36572 | Orc:2    | Found Hohorch's General Store.
 36572 | Orc:2    | Found Fisa Dehir's Jewellery Boutique.
 37576 | D:14     | Found Byamug's Weapon Shoppe.
 39057 | D:14     | Reached skill level 15 in Fighting
 39451 | D:14     | Found a gate to the Vaults.
 39813 | D:15     | Entered Level 15 of the Dungeon
 40094 | D:15     | Gained mutation: A demonic guardian rushes to your aid.
                  | [demonic ancestry]
 40094 | D:15     | Reached XP level 15. HP: 17/129 MP: 15/15
 41115 | D:15     | Found a hide-covered altar of Uskayaw.
 41146 | D:14     | Reached skill level 16 in Fighting
 42062 | D:15     | Found Leoha's Jewellery Shoppe.
 42201 | D:15     | Identified the +7 spear "Ytaebuku" {venom, rF+ Str+2 Dex+2}
 42411 | D:15     | Found a staircase to the Depths.
 42784 | Elf:1    | Entered Level 1 of the Elven Halls
 43025 | Snake:1  | Entered Level 1 of the Snake Pit
 43033 | Snake:1  | Noticed Asterion
 43039 | Snake:1  | Gained mutation: You have large cloven feet. [a cacodemon]
 43428 | Snake:1  | Killed Asterion
 44344 | Snake:1  | Reached skill level 17 in Fighting
 44583 | Snake:1  | Identified the +8 quarterstaff "Ajish" {vorpal, *Slow rElec
                  | rN+ SInv}
 45725 | Shoals:1 | Entered Level 1 of the Shoals
 45725 | Shoals:1 | Found a runed translucent door.
 45747 | Shoals:1 | Noticed pacmanke6689's ghost (journeyman MiMo)
 46624 | Shoals:1 | Reached skill level 10 in Armour
 46948 | Shoals:1 | Killed pacmanke6689's ghost
 48693 | Shoals:2 | Noticed Ilsuiw
 48719 | Shoals:3 | HP: 6/201 [merfolk/+0 trident (11)]
 48720 | Shoals:3 | Hit by a silver javelin thrown by a merfolk javelineer

Illustrated notes

Levels and vault maps discovered:
D:1:      heliophobic_arrival_henge, layout_basic
D:2:      layout_basic, hellmonk_ecumenical_altar_crossroads, minmay_unequal,
          uniq_robin, uniq_sigmund
D:3:      layout_basic, fedhas_altar_2, grunt_ministairs_2
D:4:      kennysheep_big_flooded_room, layout_basic
D:5:      layout_basic, makhleb_altar_promises_db, slow_altar_2,
          nicolae_gozag_conspicuous_consumption, corexii_leaking_fountain,
          uniq_ijyb, uniq_pikel
D:6:      cheibrodos_steamvent, layout_basic, lemuel_tele_altar,
          nicolae_ru_path_of_blood, temple_statues, lightli_sewer_entry_pipes,
          uniq_crazy_yiuf_cottage
D:7:      layout_cave_pools, item_on_display_a, uniq_duvessa
D:8:      layout_basic, david_lair_shrubbed, grunt_ministairs_9
D:9:      cheibrodos_helix_gallery, layout_loops_cross,
          kennysheep_opposing_triangles
D:10:     layout_small_grid, gammafunk_temple_overflow_statue, uniq_maggie
D:11:     layout_gridville
D:12:     layout_rooms, hiddenorc2_lemuel, nicolae_island_escapes
D:13:     layout_irregular_city
D:14:     layout_basic, david_vaults_4, serial_shops,
          nicolae_shop_window_shopping, grunt_ogre_cave, hex_tiny
D:15:     hangedman_depths_entry_try_elsewhere_first, layout_rooms,
          nicolae_uskayaw_suspiria, serial_shops, shop,
          nicolae_looking_at_the_future
Temple:   eino_temple_water
Lair:1:   layout_roguey
Lair:2:   layout_regular_city, guppyfry_snake_entry_island,
          infiniplex_staircase_pool
Lair:3:   layout_chaotic_city, minmay_shoals_entry_lonely_mermaid,
          portal_ice_cave_rime, beast_lair_carwin_11, uniq_urug
Lair:4:   layout_cave_pods, nicolae_slime_entry_slimehenge,
          nicolae_lair_grazing_beasts [nicolae_sub_lair_graze_edge,
          nicolae_sub_lair_graze_edge, nicolae_sub_lair_graze_edge,
          nicolae_sub_lair_graze_edge]
Lair:5:   grunt_lair_end_beastmaster, layout_regular_city,
          hangedman_lair_unloving_vines, pond, grunt_megastairs_2,
          lemuel_fruit_tree
Shoals:1: layout_shoals, ebering_ghost_inner_flame, nicolae_shoals_land_atoll
Shoals:2: layout_shoals, nicolae_shoals_sun_and_surf, uniq_ilsuiw
Shoals:3: layout_shoals, uniq_polyphemus
Snake:1:  layout_grid_maze, nicolae_snake_gridmaze_big_u, uniq_asterion,
          uniq_rupert
Orc:1:    layout_caves, serial_shops, shop, mines3_lemuel
Orc:2:    st_orc_congregation, layout_diamond_mine
Elf:1:    minmay_elf_arrival_circle, layout_onion_city, serial_shops,
          nicolae_shop_statue_plus, minmay_elf_demonology,
          dreamdust_princess_corridor

Skill      XL: |  1  2  3  4  5  6  7  8  9 10 11 12 13 14 15 |
---------------+----------------------------------------------+-----
Polearms       | 2 3 4 5 9 12 15 16 | 16.2
Evocations     | 4 6 8 |  8.4
Long Blades    | 5 |  5.4
Fighting       | 8 14 15 17 | 17.2
Armour         | 9 11 | 11.7
Shields        | |  2.6

Action                   |  1- 3 |  4- 6 |  7- 9 | 10-12 | 13-15 || total
-------------------------+-------+-------+-------+-------+-------++-------
Melee: Trident           |   136 |   110 |   146 |       |       ||   392
       Headbutt          |       |    12 |    61 |    73 |   162 ||   308
       Long sword        |       |       |    34 |       |       ||    34
       Bardiche          |       |       |   158 |   457 |  1023 ||  1638
       Kick              |       |       |       |       |    41 ||    41
Throw: Dart              |       |     5 |    15 |    36 |     7 ||    63
       Throwing net      |       |       |       |       |     2 ||     2
Invok: Potion Petition   |       |       |       |     3 |    14 ||    17
       Call Merchant     |       |       |       |       |     3 ||     3
Evoke: Wand              |       |     6 |    27 |    37 |    39 ||   109
       Tin of tremorston |       |       |       |       |     7 ||     7
  Use: Scroll            |     2 |       |    14 |    15 |    16 ||    47
       Potion            |     1 |     1 |     5 |     5 |    11 ||    23
 Stab: Paralysed         |       |       |     6 |     5 |     4 ||    15
       Distracted        |       |       |     1 |     5 |    14 ||    20
       Invisible         |       |       |     1 |     3 |     6 ||    10
       Petrified         |       |       |       |       |     5 ||     5
       Held in net/web   |       |       |       |       |     2 ||     2
Armor: Scale mail        |    50 |    27 |   168 |       |       ||   245
       Chain mail        |       |       |    26 |    24 |       ||    50
       Plate armour      |       |       |       |   158 |   711 ||   869
       Skin              |       |       |       |       |    16 ||    16
Dodge: Dodged            |    52 |    49 |   175 |   151 |   382 ||   809
Block: Buckler           |    29 |    22 |    30 |       |       ||    81
